 Dungeon Crawl Stone Soup version 0.29-a0-582-ge82337ba6a (webtiles) character file.

Game seed: 8887041634072226955

156 bande the Skirmisher (level 5, -2/33 HPs)
             Began as a Gargoyle Fighter on June 14, 2022.
             Slain by Crazy Yiuf
             ... wielding a +4 quarterstaff of chaos
              (3 damage)
             ... on level 3 of the Dungeon.
             The game lasted 00:03:13 (2771 turns).

bande the Skirmisher (Gargoyle Fighter)             Turns: 2771, Time: 00:03:15

Health: -2/33      AC: 12    Str: 20    XL:     5   Next: 37%
Magic:  3/5        EV:  9    Int:  8    God:
Gold:   105        SH:  4    Dex: 11    Spells: 4/4 levels left

rFire   . . .      SeeInvis .   a - +0 war axe
rCold   . . .      Faith    .   c - +0 buckler
rNeg    + . .      Spirit   .   b - +0 scale mail
rPois   ∞          Reflect  .   (no helmet)
rElec   +          Harm     .   (no cloak)
rCorr   .          Rampage  .   (no gloves)
Will    .....                   e - +0 pair of boots
Stlth   ..........              (no amulet)
HPRegen 0.11/turn               (no ring)
MPRegen 0.09/turn               (no ring)

@: no status effects
A: sickness immunity, AC +4, negative energy resistance 1, electricity
resistance, torment resistance 1, petrification resistance
a: no special abilities


You were on level 3 of the Dungeon.
You visited 1 branch of the dungeon, and saw 3 of its levels.

You collected 105 gold pieces.

Inventory:

Hand Weapons
 a - a +0 war axe (weapon)
 n - a +0 flail
Armour
 b - a +0 scale mail (worn)
 c - a +0 buckler (worn)
 e - a +0 pair of boots (worn)
 g - a +1 leather armour of fire resistance
Jewellery
 i - a ring of willpower
Scrolls
 f - a scroll of teleportation
 j - a scroll of identify
Potions
 d - 2 potions of might
 h - a potion of haste
 k - a potion of heal wounds {unknown}
 l - a potion of degeneration {unknown}


   Skills:
 + Level 4.2 Fighting
 + Level 3.6 Axes
 + Level 3.9 Armour
 + Level 3.8 Shields


You had 4 spell levels left.
You didn't know any spells.
Your spell library was empty.

Dungeon Overview and Level Annotations

Branches:
Dungeon (3/15)

Altars:
Hepliaklqana

Annotations:
D:3 Crazy Yiuf


Innate Abilities, Weirdness & Mutations

You are immune to sickness and miasma.
Your stone body is resilient. (AC +4)
You are immune to poison.
You resist negative energy. (rN+)
You are resistant to electric shocks. (rElec)
You are resistant to unholy torment.
You are immune to petrification.


Message History

Moving in this stuff is going to be slow.
You enter the shallow water.
Moving in this stuff is going to be slow.
You see here a +0 dagger.
You see here a +2 barding.
There is an escape hatch in the ceiling here.
You see here a +0 mace.
You see here a +0 mace.
Crazy Yiuf shouts!
You see here a +0 mace.
You see here a +0 mace.
You see here a +0 mace.
You open the door. You hit Crazy Yiuf but do no damage.
Crazy Yiuf hits you with a +4 quarterstaff of chaos.
You feel your power leaking away.
Crazy Yiuf hits you with a +4 quarterstaff of chaos.
Crazy Yiuf freezes you.
You closely miss Crazy Yiuf.
Crazy Yiuf hits you with a +4 quarterstaff of chaos!
Crazy Yiuf burns you.
You hit Crazy Yiuf.
Crazy Yiuf is moderately wounded.
You block Crazy Yiuf's attack.
Crazy Yiuf hits you with a +4 quarterstaff of chaos.
Crazy Yiuf freezes you.
* * * LOW HITPOINT WARNING * * *
You hit Crazy Yiuf.
Crazy Yiuf is moderately wounded.
Crazy Yiuf closely misses you.
You hit Crazy Yiuf.
Crazy Yiuf is moderately wounded.
Crazy Yiuf hits you but does no damage.
You hit Crazy Yiuf.
Crazy Yiuf is heavily wounded.
Crazy Yiuf barely misses you.
Crazy Yiuf hits you with a +4 quarterstaff of chaos!
* * * LOW HITPOINT WARNING * * *
Crazy Yiuf burns you.
You die...

..#........# #....#
####........ #.########.#
#....# #....#####.. #.#
#...# ♣..PP♣ ###### ##.
#.######...# ♣)..♣♣ #.
...........# ♣♣)♣♣ #.
#.######.>.# ♣)♣♣
###########. #.# #...#
♣♣)♣ #........... #.#
###.# ♣)♣♣ ############
#.# #.# ♣♣@♣ ############
..# ### #g# #...........
### ))) ############ #)))#
# ############ #).)# #
...........# #####
###.###..### ##### ###.#
#..#############...#
.##!###..##............#.#


You could see Crazy Yiuf.

Vanquished Creatures
  An orc priest (D:3)
  An orc wizard (D:3)
  3 adders (D:2)
  4 dart slugs
  4 orcs (D:3)
  6 bats
  2 endoplasms
  3 giant cockroaches
  9 hobgoblins
  3 jackals (D:3)
  5 kobolds
  3 quokkas
  5 ball pythons
  2 frilled lizards
  3 goblins
  8 rats
62 creatures vanquished.

Vanquished Creatures (others)
  2 plants (D:3)
2 creatures vanquished.

Grand Total: 64 creatures vanquished

Notes
Turn   | Place    | Note
-------+----------+-------------------------------------------
     0 | D:1      | bande the Gargoyle Fighter began the quest for the Orb.
     0 | D:1      | Reached XP level 1. HP: 14/14 MP: 1/1
   198 | D:1      | Reached XP level 2. HP: 19/19 MP: 2/2
   645 | D:1      | Reached XP level 3. HP: 24/24 MP: 3/3
   702 | D:1      | Found a faded altar of an unknown god.
   954 | D:2      | Found a hazy altar of Hepliaklqana.
  1238 | D:2      | Reached XP level 4. HP: 22/29 MP: 4/4
  1409 | D:2      | Reached skill level 4 in Fighting
  1695 | D:3      | Reached XP level 5. HP: 28/33 MP: 5/5
  2515 | D:3      | Found a runed translucent door.
  2516 | D:3      | Noticed Crazy Yiuf
  2771 | D:3      | HP: 1/33 [Crazy Yiuf/+4 quarterstaff of chaos (9)]
  2771 | D:3      | Slain by Crazy Yiuf

Illustrated notes

Levels and vault maps discovered:
D:1:      roderic_chinese_lattice_arrival, layout_basic,
          chequers_ecumenical_altar_grove
D:2:      layout_rooms, basic_altar
D:3:      layout_loops_ring, serial_bayou, serial_bayou_pond_b,
          serial_bayou_shore_b, serial_bayou_shore_a, serial_bayou_shore_b,
          st_stairs_14, uniq_crazy_yiuf_cottage

Skill      XL: |  1  2  3  4 |
---------------+-------------+-----
Axes           | 2 3 |  3.6
Fighting       | 4 |  4.2
Armour         | |  3.9
Shields        | |  3.8

Action                   |  1- 3 |  4- 6 || total
-------------------------+-------+-------++-------
Melee: War axe           |   143 |    78 ||   221
  Use: Scroll            |     3 |     3 ||     6
Armor: Scale mail        |    92 |    52 ||   144
Dodge: Dodged            |    83 |    46 ||   129
Block: Buckler           |    25 |    21 ||    46

Table legend: (Time is in decaauts)
 A = Elapsed time spent in this place.
 B = Non-inter-level travel time spent in this place.
 C = Inter-level travel time spent in this place.
 D = Time resting spent in this place.
 E = Time spent auto-exploring this place.
 F = Levels seen in this place.
 G = Mean time per level.
                   A        B        C        D        E       F      G
               +--------+--------+--------+--------+--------+-----+--------+
         Total |   2878 |   2855 |     23 |    213 |   2122 |   3 |  959.3 |
       Dungeon |   2878 |   2855 |     23 |    213 |   2122 |   3 |  959.3 |
               +--------+--------+--------+--------+--------+-----+--------+

Top non-repeatable levels by time:
     D:3: 1197 daAuts
     D:1: 949 daAuts
     D:2: 732 daAuts
